 Dungeon Crawl Stone Soup version 0.25-a0-566-g062765be81 (webtiles) character file.

Game seed: 4357907440920934801, levelgen mode: deterministic

841 kae the Cutter (level 8, -3/41 HPs)
             Began as a Kobold Enchanter on Feb 27, 2020.
             Slain by an orc warrior
             ... wielding a +0 short sword
              (14 damage)
             ... on level 6 of the Dungeon.
             The game lasted 00:07:33 (7342 turns).

kae the Cutter (Kobold Enchanter)                   Turns: 7342, Time: 00:07:33

Health: -3/41      AC:  6    Str:  5    XL:     8   Next: 19%
Magic:  11/14      EV: 15    Int: 19    God:
Gold:   146        SH:  0    Dex: 15    Spells: 9/15 levels left

rFire    + . .     SeeInvis .   a - +2 dagger
rCold    + + .     Gourm    .   (shield restricted)
rNeg     . . .     Faith    .   o - +0 animal skin
rPois    +         Spirit   .   m - +1 helmet
rElec    +         Reflect  .   (no cloak)
rCorr    +         Harm     .   w - +0 pair of gloves
MR       .....                  i - +0 pair of boots
Stlth    +++.......             (no amulet)
HPRegen  0.13/turn              (no ring)
MPRegen  0.14/turn              (no ring)

@: resistant, berserk cooldown, hasted and slowed
A: small, blink, carnivore, cold resistance 1
a: Blink


You were on level 6 of the Dungeon.
You were completely stuffed.

You visited 2 branches of the dungeon, and saw 7 of its levels.

You collected 146 gold pieces.

Inventory:

Hand Weapons
 a - a +2 dagger (weapon)
Armour
 i - a +0 pair of boots (worn)
 m - a +1 helmet (worn)
 o - a +0 animal skin (worn)
 w - a +0 pair of gloves (worn)
Wands
 p - a wand of enslavement (8)
 t - a wand of polymorph (6)
Scrolls
 e - a scroll of enchant weapon
 h - 2 scrolls of immolation
 j - 4 scrolls of fog
 l - 2 scrolls of remove curse
 v - a scroll of amnesia
Potions
 c - a potion of mutation
 k - a potion of flight
 q - a potion of lignification
 r - a potion of invisibility
 s - 2 potions of might
 u - a potion of resistance
Comestibles
 b - 5 chunks of flesh
 d - 11 rations


   Skills:
 * Level 7.3 Short Blades
 - Level 2.4 Dodging
 + Level 6.8 Stealth
 + Level 4.3 Spellcasting
 + Level 4.9 Hexes


You had 9 spell levels left.
You knew the following spells:

 Your Spells              Type           Power        Failure   Level  Hunger
a - Corona                Hex            ###....      1%          1    None
b - Ensorcelled Hibernat  Hex/Ice        ##....       8%          2    #......
c - Confusing Touch       Hex            ###.....     5%          3    ###....

Your spell library contained the following spells:

 Spells                   Type           Power        Failure   Level  Hunger
 Slow                     Hex            ###.....     2%          2    #......
 Tukima's Dance           Hex            ###.....     5%          3    ###....
 Animate Skeleton         Necr           N/A          13%         1    None
 Apportation              Tloc           #.....       13%         1    None
 Summon Small Mammal      Summ           #...         13%         1    None
 Dazzling Flash           Conj/Hex       ##....       14%         3    ###....
 Inner Flame              Hex/Fire       ##......     14%         3    ###....
 Portal Projectile        Hex/Tloc       ##....       14%         3    ###....
 Cause Fear               Hex            ###.......   19%         4    ####...
 Leda's Liquefaction      Hex/Erth       ##........   43%         4    ####...


Dungeon Overview and Level Annotations

Branches:
Dungeon (6/15)             Temple (1/1) D:5

Altars:
Elyvilon
Fedhas
Gozag
Hepliaklqana
Makhleb
Nemelex Xobeh
Okawaru
Qazlal
Trog
Uskayaw
Vehumet
Wu Jian
Xom
Yredelemnul
Zin

Annotations:
D:6 exclusion: 2 wights


Innate Abilities, Weirdness & Mutations

You are small and have problems with some larger weapons.
You are carnivorous and can eat meat at any time.
You can translocate small distances at will.
Your flesh is cold resistant. (rC+)


Message History

Unknown command.
Unknown command.
Unknown command.
Unknown command.
Unknown command.
Unknown command.
Unknown command.
Unknown command.
Unknown command.
Unknown command.
Unknown command.
Okay, then.
Unknown command.
Okay, then.
Evoke which item? (* to show all) (? for menu, Esc to quit)
Okay, then.
It was a potion of resistance.
You feel protected.
The orc warrior hits you with a +0 short sword!
You die...

#..# #)..#..# #..
+##.# #####.##+##..
.#.####.)#..#...#..
'r#..'))#..)...#..
##.#.(##)#.######..
#..####o.o.+ ...
#.[z...o..(#
##o#..##+#+#
#[@#..# #..####
#.!# ####


You could see an orc warrior, a wight and a quokka.

Vanquished Creatures
  A centaur (D:5)
  A bullfrog (D:6)
  2 crimson imps
  A quasit (D:5)
  A bullfrog zombie (D:5)
  2 hounds
  4 orc priests
  2 orc wizards (D:4)
  Jessica (D:2)
  3 worker ants
  2 gnolls
  8 adders
  A worm (D:2)
  6 dart slugs
  A leopard gecko (D:2)
  17 orcs
  10 bats
  7 giant cockroaches
  17 hobgoblins
  8 jackals
  3 quokkas
  A ball python (D:3)
  3 frilled lizards
  13 goblins
  10 kobolds
  A quokka zombie (D:6)
  8 rats
  A butterfly (D:6)
135 creatures vanquished.

Notes
Turn   | Place    | Note
-------+----------+-------------------------------------------
     0 | D:1      | kae the Kobold Enchanter began the quest for the Orb.
     0 | D:1      | Reached XP level 1. HP: 10/10 MP: 3/3
   223 | D:1      | Reached XP level 2. HP: 12/15 MP: 5/5
   255 | D:1      | Reached skill level 2 in Short Blades
   441 | D:1      | Learned a level 2 spell: Ensorcelled Hibernation
  1056 | D:1      | Reached XP level 3. HP: 19/19 MP: 6/6
  1159 | D:1      | Learned a level 3 spell: Confusing Touch
  1506 | D:1      | Reached skill level 3 in Short Blades
  1719 | D:2      | Reached XP level 4. HP: 11/24 MP: 8/8
  1720 | D:2      | Gained mutation: You can translocate small distances at
                  | will. [potion of mutation]
  1720 | D:2      | Gained mutation: Your flesh is cold resistant. (rC+)
                  | [potion of mutation]
  2004 | D:2      | Found a burning altar of Makhleb.
  2004 | D:2      | Noticed a balrug
  2178 | D:2      | Noticed Jessica
  2183 | D:2      | Killed Jessica
  2341 | D:2      | Reached XP level 5. HP: 28/28 MP: 9/9
  2450 | D:2      | Found a white marble altar of Elyvilon.
  2488 | D:2      | Reached skill level 4 in Short Blades
  2531 | D:2      | Reached skill level 5 in Stealth
  2552 | D:2      | Found a stormy altar of Qazlal.
  3260 | D:3      | Reached XP level 6. HP: 23/32 MP: 7/10
  3411 | D:3      | Found a basalt altar of Yredelemnul.
  3446 | D:3      | Found a hazy altar of Hepliaklqana.
  3714 | D:3      | Reached skill level 5 in Short Blades
  4489 | D:3      | Reached XP level 7. HP: 25/36 MP: 0/12
  5440 | D:5      | Entered Level 5 of the Dungeon
  5665 | D:5      | Found a bloodstained altar of Trog.
  5710 | D:5      | Reached skill level 6 in Short Blades
  6000 | D:5      | Found a staircase to the Ecumenical Temple.
  6308 | Temple   | Entered the Ecumenical Temple
  6798 | D:6      | Found a shimmering altar of Xom.
  6826 | D:6      | Reached XP level 8. HP: 33/41 MP: 11/14
  6904 | D:6      | Reached skill level 7 in Short Blades
  7342 | D:6      | Slain by an orc warrior

Levels and vault maps discovered:
D:1:      ncdulo_smallfort, layout_basic
D:2:      layout_loops_corners, makhleb_altar_promises_db, grunt_qazlal_clouds,
          elyvilon_altar_3, uniq_jessica
D:3:      layout_loops_ring, nicolae_overflow_hidden_temple,
          yredelemnul_altar_generic
D:4:      layout_loops_corners, first_ration
D:5:      layout_basic, minmay_temple_entry_junction, trog_hazing_becter
D:6:      corexii_shantytown, layout_basic, tso_oasis_becter, xom_butterflies,
          gammafunk_ghost_cemetery, uniq_menkaure
Temple:   nicolae_temple_figure_zero

Skill      XL: |  1  2  3  4  5  6  7  8 |
---------------+-------------------------+-----
Short Blades   | 2 3 4 5 6 7 |  7.3
Stealth        | 5 6 |  6.8
Spellcasting   | 3 4 |  4.3
Hexes          | 4 |  4.9
Dodging        | |  2.4

Action                   |  1- 3 |  4- 6 |  7- 9 || total
-------------------------+-------+-------+-------++-------
Melee: Dagger            |   136 |   166 |   261 ||   563
 Cast: Corona            |     8 |     2 |     5 ||    15
       Ensorcelled Hiber |     4 |    38 |    25 ||    67
       Confusing Touch   |       |     1 |     4 ||     5
  Use: Potion            |     1 |     3 |     4 ||     8
       Scroll            |     3 |     3 |     8 ||    14
 Stab: Sleeping          |     8 |    23 |    18 ||    49
       Confused          |       |     1 |     4 ||     5
  Eat: Chunk             |    10 |     9 |    13 ||    32
Armor: Robe              |    25 |    29 |    17 ||    71
       Animal skin       |       |       |    26 ||    26
Dodge: Dodged            |   112 |   141 |   137 ||   390

Table legend:
 A = Non-vault XP
 B = Vault XP
 C = Vault XP percentage of total XP
 D = Non-vault monster count
 E = Vault monster count
 F = Vault count percentage of total count
                 A         B        C        D         E       F
            +---------+---------+-------+---------+---------+-------
      Total |    1086 |     116 |   9.7 |     103 |      31 |  23.1
            +---------+---------+-------+---------+---------+-------
        D:1 |      68 |       0 |   0.0 |      29 |       0 |   0.0
        D:2 |      85 |      37 |  30.3 |      19 |       1 |   5.0
        D:3 |     192 |       0 |   0.0 |      24 |       0 |   0.0
        D:4 |     227 |       0 |   0.0 |      12 |       0 |   0.0
        D:5 |     341 |      12 |   3.4 |      12 |       6 |  33.3
        D:6 |     173 |      67 |  27.9 |       7 |      24 |  77.4
            +---------+---------+-------+---------+---------+-------
